 Dungeon Crawl Stone Soup version 0.30-a0-177-g1cb5dbfd7a (webtiles) character file.

Game seed: 5343536445829758041

41300 billz999 the Brawler (level 13, -22/135 HPs)
             Began as a Troll Monk on Oct 3, 2022.
             Was an Initiate of Gozag.
             Annihilated by a komodo dragon (28 damage)
             ... on level 5 of the Lair of Beasts.
             The game lasted 00:36:41 (16043 turns).

billz999 the Brawler (Troll Monk)                  Turns: 16043, Time: 00:36:43

Health: -22/135    AC:  7    Str: 24    XL:     13   Next: 79%
Magic:  0/12       EV: 11    Int:  3    God:    Gozag
Gold:   3278       SH:  0    Dex: 19    Spells: 12/12 levels left

rFire   . . .      SeeInvis +      - Unarmed
rCold   . . .      Faith    .    (no shield)
rNeg    . . .      Spirit   +    y - +1 robe of Colauk {Int-5 Dex+7 SInv}
rPois   +          Reflect  .    j - +2 hat
rElec   .          Harm     .    (no cloak)
rCorr   .          Rampage  .    (gloves unavailable)
Will    +....                    (boots unavailable)
Stlth   ++........               I - amulet of guardian spirit
HPRegen 1.22/turn                w - ring of willpower
MPRegen 0.13/turn                x - ring of poison resistance

@: mighty, about to teleport
A: large, unfitting armour, claws 3, regeneration 1, shaggy fur 1, tough skin 1,
antennae 1, subdued magic 1
a: Renounce Religion, Potion Petition, Call Merchant, Bribe Branch


You were on level 5 of the Lair of Beasts.
You worshipped Gozag.
Gozag was most pleased with you.
You visited 2 branches of the dungeon, and saw 16 of its levels.
You also visited: Bailey.

You collected 4064 gold pieces.
You spent 148 gold pieces at shops.
You paid 638 gold pieces to Gozag.

Inventory:

Hand Weapons
 A - a +3 demon trident of electrocution
Missiles
 c - 117 stones (quivered)
 u - 5 throwing nets
Armour
 a - a +0 robe
 j - a +2 hat (worn)
 y - the +1 robe of Colauk (worn) {Int-5 Dex+7 SInv}
   (You bought it in a shop on level 7 of the Dungeon)

   Int:       It affects your intelligence (-5).
   Dex:       It affects your dexterity (+7).
   SInv:      It lets you see invisible.
Jewellery
 m - an amulet of reflection
 w - a ring of willpower (left claw)
 x - a ring of poison resistance (right claw)
 B - a ring of see invisible
 D - a +6 ring of intelligence
 I - an amulet of guardian spirit (around neck)
Wands
 C - a wand of polymorph (9)
Scrolls
 d - 2 scrolls of teleportation
 e - 4 scrolls of fog
 f - a scroll of brand weapon {unknown}
 g - 2 scrolls of silence
 h - 4 scrolls of poison {unknown}
 i - 9 scrolls of identify
 k - a scroll of summoning
 l - a scroll of immolation {unknown}
 q - a scroll of amnesia {unknown}
 r - 2 scrolls of vulnerability {unknown}
 v - 3 scrolls of enchant weapon
 G - 2 scrolls of magic mapping {unknown}
 H - a scroll of fear {unknown}
 L - a scroll of noise {unknown}
Potions
 b - 8 potions of ambrosia
 o - a potion of magic
 p - a potion of might
 s - 3 potions of brilliance
 t - 2 potions of curing
 z - 3 potions of flight
 F - a potion of haste {unknown}
 K - a potion of resistance
Miscellaneous
 J - a piece from Xom's chessboard (11/15)


   Skills:
 + Level 10.6 Fighting
 - Level 0.7 Throwing
 - Level 2.4 Dodging
 - Level 1.0 Stealth
 - Level 1.2 Shields
 + Level 20.4 Unarmed Combat
 - Level 0.2 Evocations


You had 12 spell levels left.
You didn't know any spells.
Your spell library contained the following spells:

 Spells                   Type           Power      Damage    Failure   Level
 Beastly Appendage        Tmut           0%         N/A       47%         1
 Foxfire                  Conj/Fire      0%         2x1d4     47%         1
 Magic Dart               Conj           0%         1d3       47%         1
 Summon Small Mammal      Summ           0%         N/A       47%         1
 Call Imp                 Summ           0%         N/A       63%         2
 Cigotuvi's Dreadful Rot  Necr/Pois/Air  0%         N/A       63%         2
 Poisonous Vapours        Pois/Air       0%         N/A       63%         2
 Wereblood                Tmut           0%         N/A       63%         2
 Call Canine Familiar     Summ           0%         N/A       86%         3
 Inner Flame              Hex/Fire       0%         N/A       86%         3
 Mephitic Cloud           Conj/Pois/Air  0%         N/A       86%         3
 Ozocubu's Armour         Ice            0%         N/A       86%         3
 Spider Form              Tmut/Pois      0%         N/A       86%         3
 Summon Guardian Golem    Hex/Summ       0%         N/A       86%         3
 Airstrike                Air            0%         2d(0-16)  99%         4
 Cause Fear               Hex            0%         N/A       99%         4
 Flame Wave               Conj/Fire      0%         2d4       99%         4
 Leda's Liquefaction      Hex/Erth       0%         N/A       99%         4
 Sticky Flame             Conj/Fire      0%         2d3       99%         4
 Summon Lightning Spire   Summ/Air       0%         N/A       99%         4
 Freezing Cloud           Conj/Ice/Air   0%         6-21      100%        5
 Lee's Rapid Deconstruct  Erth           0%         3d5*      100%        5
 Lightning Bolt           Conj/Air       0%         1d11      100%        5
 Yara's Violent Unravell  Hex/Tmut       0%         3d3       100%        5
 Statue Form              Tmut/Erth      0%         N/A       100%        6
 Dragon Form              Tmut           0%         N/A       100%        7
 Enfeeble                 Hex            0%         N/A       100%        7
 Ozocubu's Refrigeration  Ice            0%         4d7       100%        7
 Dragon's Call            Summ           0%         N/A       100%        9
 Polar Vortex             Ice            0%         N/A       100%        9
 Simulacrum               Ice/Necr       Unusable   N/A       N/A         6

Dungeon Overview and Level Annotations

Branches:
Dungeon (11/15)            Temple (0/1) D:6            Lair (5/5) D:11
  Snake (0/4) Lair:3       Bailey (visited)
  Swamp: Lair:2-3    Shoals: Lair:2-3     Slime: Lair:4-5       Orc: D:9-12

Altars:
Ashenzari
Cheibriados
Fedhas
Gozag
Hepliaklqana
Kikubaaqudgha
Nemelex Xobeh
Okawaru
Ru
Sif Muna
Wu Jian
Xom
Yredelemnul
Zin
The Shining One

Shops:
D:1 [   D:7 [

Annotations:
Lair:2 exclusion: electric eel


Innate Abilities, Weirdness & Mutations

You are too large for most types of armour.
You have claws for hands.
Your natural rate of healing is unusually fast.
You are covered in fur. (AC +1)
You have tough skin. (AC +1)
You have a pair of small antennae on your head.
Your spells are a little easier to cast, but a little less powerful.


Message History

The komodo dragon attacks as you move away!
The komodo dragon bites you!
* * * LOW HITPOINT WARNING * * *
The four-headed hydra roars!
The dream sheep ruffle their wool and motes of dream dust sparkle, to no effect.
The dream sheep are wreathed in dream dust.
You feel drowsy...
You fall asleep.
The dream sheep bites you.
You wake up.
* * * LOW HITPOINT WARNING * * *
The komodo dragon bites you!!
* * * LOW HITPOINT WARNING * * *
You hear a roar!
Things that are here:
3 gold pieces; a +0 whip You feel much better.
The dream sheep barely misses you. The dream sheep bites you.
* * * LOW HITPOINT WARNING * * *
The komodo dragon bites you!!
* * * LOW HITPOINT WARNING * * *
Unknown command.
Okay, then.
A nearby fungus withers and dies.
The komodo dragon is distracted by your dazzling golden aura.
You feel much better.
The komodo dragon is no longer distracted by gold.
The dream sheep is distracted by your dazzling golden aura.
As you read the scroll of teleportation, it crumbles to dust.
You feel strangely unstable.
The dream sheep is no longer distracted by gold.
The four-headed hydra bites you!
* * * LOW HITPOINT WARNING * * *
The four-headed hydra completely misses you.
The four-headed hydra barely misses you.
The four-headed hydra bites you!
* * * LOW HITPOINT WARNING * * *
The dream sheep bites you.
* * * LOW HITPOINT WARNING * * *
The komodo dragon bites you!!
You die...
Your body crumbles into a pile of gold.

##......................
##P................$.....
..........Y.P............
.#.?.....[...D...........
...........P.............
.......§§§§§...<.........
.......§Dl{§§............
......§FFY#D§...##...#..#
..#..#D##@...### ...# ..
... #§§l...## ....( .
....##.....## ....P.
.....P..### .....#
P.#...$.# ...# ........#
#......## #.....## .....#


You could see a seven-headed hydra, a four-headed hydra, 2 komodo dragons, a
cane toad and a dream sheep.

Vanquished Creatures
  A hydra (Lair:4)
  Harold (D:11)
  A catoblepas (Lair:3)
  A boulder beetle (D:11)
  3 two-headed ogres
  3 death yaks (Lair:4)
  Urug (Lair:4)
  A swamp dragon (Lair:1)
  2 bog bodies (Lair:3)
  An orc knight (Bailey)
  An orc sorcerer (Bailey)
  19 elephants
  A gargoyle (D:8)
  3 black mambas
  9 cane toads
  The ghost of sirJeffrey23 the Insei, a novice DsMo (D:5)
  Psyche (D:8)
  A kobold demonologist (Bailey)
  6 komodo dragons
  An unseen horror (D:10)
  4 rime drakes (Lair:4)
  A queen bee (Lair:2)
  A troll (D:11)
  6 slime creatures
  14 blink frogs
  5 polar bears (Lair:4)
  A dream sheep (Lair:5)
  6 wyverns
  3 wraiths
  22 yaks
  4 basilisks
  8 vampire mosquitoes
  4 steam dragons
  3 nagas (Lair:3)
  7 water moccasins
  7 orc warriors
  A swamp drake (Lair:1)
  A sky beast (D:7)
  An ice beast (D:7)
  A black bear (Lair:2)
  4 wolves (Lair:2)
  16 bullfrogs
  A gnoll sergeant (D:5)
  4 scorpions
  12 wights
  23 killer bees
  2 howler monkeys (D:8)
  5 electric eels
  2 hounds
  7 orc priests
  An iron imp (D:6)
  2 iguanas
  11 orc wizards
  6 hell rats (Lair:1)
  Robin (D:2)
  5 adders
  13 gnolls
  2 shadow imps
  2 white imps (D:7)
  An ufetubus (D:4)
  2 worms
  3 dart slugs
  43 orcs
  7 bats
  6 endoplasms
  4 giant cockroaches
  22 goblins
  18 hobgoblins
  5 jackals
  4 quokkas
  9 ball pythons
  6 frilled lizards
  8 kobolds
  10 rats
  A spectral hobgoblin (D:10)
426 creatures vanquished.

Vanquished Creatures (collateral kills)
  An acid dragon (D:10)
1 creature vanquished.

Vanquished Creatures (others)
  A white imp (D:8)
  19 fungi
  31 plants
  4 withered plants
55 creatures vanquished.

Grand Total: 482 creatures vanquished

Notes
Turn   | Place    | Note
-------+----------+-------------------------------------------
     0 | D:1      | billz999 the Troll Monk began the quest for the Orb.
     0 | D:1      | Reached XP level 1. HP: 22/22 MP: 0/0
   176 | D:1      | Reached XP level 2. HP: 29/29 MP: 1/1
   342 | D:1      | Found Rinu's Antique Armour Boutique.
   563 | D:1      | Reached skill level 4 in Unarmed Combat
   804 | D:2      | Reached XP level 3. HP: 32/36 MP: 2/2
   893 | D:2      | Found a faded altar of an unknown god.
   949 | D:2      | Noticed Robin
   991 | D:2      | Killed Robin
   992 | D:2      | Reached XP level 4. HP: 44/44 MP: 3/3
  1214 | D:2      | Reached skill level 5 in Unarmed Combat
  1687 | D:3      | Found an ancient bone altar of Kikubaaqudgha.
  1786 | D:3      | Found a sacrificial altar of Ru.
  2061 | D:3      | Found a broken altar of Ashenzari.
  2192 | D:3      | Found an opulent altar of Gozag.
  2346 | D:3      | Became a worshipper of Gozag Ym Sagoz the Greedy
  2998 | D:4      | Noticed a scorpion
  3001 | D:4      | Reached XP level 5. HP: 49/50 MP: 4/4
  3006 | D:4      | Reached skill level 6 in Unarmed Combat
  3026 | D:4      | Gained mutation: Your spells are a little easier to cast,
                  | but a little less powerful. [potion of mutation]
  3026 | D:4      | Gained mutation: You have a pair of small antennae on your
                  | head. [potion of mutation]
  3031 | D:4      | Reached XP level 6. HP: 24/59 MP: 5/5
  3232 | D:4      | Found a basalt altar of Yredelemnul.
  3562 | D:4      | Found an ornate altar of the Wu Jian Council.
  3643 | D:4      | Found an iron altar of Okawaru.
  3657 | D:4      | Reached skill level 7 in Unarmed Combat
  3816 | D:5      | Entered Level 5 of the Dungeon
  3830 | D:5      | Noticed a water moccasin
  3844 | D:5      | Killed a water moccasin
  3928 | D:5      | Reached skill level 8 in Unarmed Combat
  3928 | D:5      | Reached XP level 7. HP: 57/66 MP: 6/6
  4051 | D:5      | Found a runed translucent door.
  4052 | D:5      | Noticed sirJeffrey23's ghost (novice DsMo)
  4773 | D:5      | Reached skill level 9 in Unarmed Combat
  4863 | D:5      | Found a shimmering blue altar of Sif Muna.
  5296 | D:5      | Killed sirJeffrey23's ghost
  5297 | D:5      | Reached skill level 10 in Unarmed Combat
  5297 | D:5      | Reached XP level 8. HP: 74/74 MP: 7/7
  5702 | D:6      | Found a snail-covered altar of Cheibriados.
  5707 | D:6      | Reached skill level 1 in Shields
  5737 | D:6      | Found a shimmering altar of Xom.
  5896 | D:6      | Found a staircase to the Ecumenical Temple.
  6092 | D:7      | Reached skill level 11 in Unarmed Combat
  6161 | D:7      | Found Meabaelu's Antique Armour Shop.
  6169 | D:7      | Bought a faintly glowing robe for 148 gold pieces
  6169 | D:7      | Identified the +1 robe of Colauk {Int-5 Dex+7 SInv} (You
                  | bought it in a shop on level 7 of the Dungeon)
  6183 | D:7      | Found a glowing silver altar of Zin.
  6224 | D:7      | Reached XP level 9. HP: 63/84 MP: 8/8
  6694 | D:8      | Noticed a gargoyle
  6711 | D:8      | Killed a gargoyle
  6712 | D:8      | Reached skill level 5 in Fighting
  6712 | D:8      | Reached skill level 12 in Unarmed Combat
  6932 | D:8      | Noticed Psyche
  6942 | D:8      | Killed Psyche
  7100 | D:8      | Found a glowing golden altar of the Shining One.
  7336 | D:8      | Reached XP level 10. HP: 100/100 MP: 9/9
  8065 | D:9      | Noticed a two-headed ogre
  8084 | D:9      | Killed a two-headed ogre
  8085 | D:9      | Reached skill level 13 in Unarmed Combat
  8164 | D:9      | Found a blossoming altar of Fedhas.
  8742 | D:10     | Entered Level 10 of the Dungeon
  8843 | D:10     | Noticed a two-headed ogre
  8851 | D:10     | Killed a two-headed ogre
  9053 | D:10     | Reached skill level 14 in Unarmed Combat
  9119 | D:10     | Found a hazy altar of Hepliaklqana.
  9400 | D:10     | Found a flagged portal.
  9416 | D:10     | Reached XP level 11. HP: 112/113 MP: 10/10
  9436 | Bailey   | Entered a bailey
  9616 | Bailey   | Noticed an orc knight
  9624 | Bailey   | Killed an orc knight
  9652 | Bailey   | Found an iron altar of Okawaru.
  9655 | Bailey   | Noticed an orc sorcerer
  9670 | Bailey   | Killed an orc sorcerer
 10033 | D:11     | Noticed a boulder beetle
 10044 | D:11     | Killed a boulder beetle
 10256 | D:11     | Noticed Harold
 10266 | D:11     | Killed Harold
 10267 | D:11     | Reached skill level 15 in Unarmed Combat
 10433 | D:11     | Found a sparkling altar of Nemelex Xobeh.
 10467 | D:11     | Identified the +5 shortbow of the Tundras {vorpal, Str+4
                  | SInv}
 10529 | D:11     | Noticed a two-headed ogre
 10536 | D:11     | Killed a two-headed ogre
 10667 | D:11     | Found a staircase to the Lair.
 10696 | D:11     | Reached skill level 10 in Fighting
 11078 | Lair:1   | Entered Level 1 of the Lair of Beasts
 11094 | Lair:1   | Reached skill level 16 in Unarmed Combat
 11094 | Lair:1   | Reached XP level 12. HP: 126/126 MP: 11/11
 11688 | Lair:1   | Reached skill level 17 in Unarmed Combat
 12395 | Lair:2   | Reached skill level 18 in Unarmed Combat
 12923 | Lair:2   | Reached XP level 13. HP: 133/133 MP: 10/12
 13194 | Lair:2   | Reached skill level 19 in Unarmed Combat
 14057 | Lair:3   | Found a staircase to the Snake Pit.
 14675 | Lair:4   | Noticed Urug
 14680 | Lair:4   | Killed Urug
 14681 | Lair:4   | Reached skill level 20 in Unarmed Combat
 16019 | Lair:5   | Entered Level 5 of the Lair of Beasts
 16039 | Lair:5   | HP: 5/135 [komodo dragon (25)]
 16040 | Lair:5   | HP: 2/135 [komodo dragon (21)]
 16043 | Lair:5   | Annihilated by a komodo dragon

Illustrated notes

Levels and vault maps discovered:
D:1:      lightli_arrival_flooded_house, layout_loops_cross, serial_shops, shop,
          minmay_liquid_box
D:2:      layout_basic, shapermc_ecumenical_altar_mp_highgroup, minmay_bisected,
          uniq_robin
D:3:      minmay_skewed_foursquare, layout_basic, mainiacjoe_overflow_alcove_2,
          evilmike_ruin_ashenzari, nicolae_overflow_crystal_walls,
          kiku_gazebo_garden_becter
D:4:      layout_loops_ring, mainiacjoe_overflow_brackets,
          nzn_wu_jian_contemplation, okawaru_altar_gauntlet_db
D:5:      layout_basic, nicolae_sif_muna_little_library, gammafunk_ghost_grave,
          chequers_serial_rivers_large_b
D:6:      layout_gridville, slow_altar_2, lemuel_doored_altar,
          minmay_temple_entry_gardened_gates
D:7:      layout_cave_pools, zin_scriptorium, serial_shops, shop
D:8:      layout_basic, tso_metal_star, uniq_psyche
D:9:      layout_irregular_city, mainiacjoe_overflow_surrounded_room,
          kennysheep_cross_room, minmay_misc_feat_more_columns,
          chequers_serial_rivers_large_a, chequers_serial_rivers_small_3,
          columned_hall_lemuel
D:10:     layout_roguey, nicolae_hepliaklqana_monster_ancestors, enter_bailey_4,
          hangedman_decor_riveting
D:11:     layout_stronghold, lair_entry_dummy, nemelex_altar_shiori, uniq_harold
Lair:1:   layout_loops_ring, pond, grunt_megastairs_1,
          infiniplex_staircase_pool_2
Lair:2:   layout_small_grid, special_room [special_room_bee],
          serial_bayou_shore_a
Lair:3:   layout_chaotic_city, nicolae_swamp_entry_splash_gauntlet,
          minmay_snake_entry_guardpost_small, chequers_serial_rivers_micro_c
Lair:4:   layout_concentric_octagons, serial_bayou_ford_a,
          cheibrodos_lair_lostbears, grunt_megastairs_4,
          infiniplex_staircase_pool, uniq_urug
Lair:5:   hangedman_lair_caniforms_friends, layout_misc_corridors,
          minmay_slime_entry_oklob_open, uniq_sonja

Skill      XL: |  1  2  3  4  5  6  7  8  9 10 11 12 13 |
---------------+----------------------------------------+-----
Unarmed Combat | 4 5 6 8 10 11 12 14 16 18 20 | 20.4
Shields        | 1 |  1.2
Fighting       | 3 6 8 10 | 10.6
Throwing       | |  0.7
Dodging        | |  2.4
Stealth        | |  1.0
Evocations     | |  0.2

Action                   |  1- 3 |  4- 6 |  7- 9 | 10-12 | 13-15 || total
-------------------------+-------+-------+-------+-------+-------++-------
Melee: Unarmed           |   101 |   141 |   208 |   531 |   225 ||  1206
       Punch             |     1 |     4 |    13 |    51 |    22 ||    91
Throw: Stone             |     1 |     2 |     1 |     3 |     1 ||     8
Invok: Potion Petition   |       |       |     1 |     1 |       ||     2
Evoke: Wand              |       |       |     5 |     8 |     5 ||    18
       Piece from Xom's  |       |       |       |       |     7 ||     7
  Use: Potion            |       |     6 |     3 |       |     4 ||    13
       Scroll            |       |       |     8 |     3 |     6 ||    17
 Stab: Sleeping          |     2 |     3 |       |     1 |       ||     6
       Distracted        |       |     1 |       |     4 |     1 ||     6
Armor: Robe              |    39 |    42 |    31 |    78 |    65 ||   255
       Skin              |       |       |     3 |       |       ||     3
Dodge: Dodged            |    55 |    57 |    62 |   163 |   157 ||   494
Block: Other             |       |       |    19 |    72 |       ||    91

Table legend: (Time is in decaauts)
 A = Elapsed time spent in this place.
 B = Non-inter-level travel time spent in this place.
 C = Inter-level travel time spent in this place.
 D = Time resting spent in this place.
 E = Time spent auto-exploring this place.
 F = Levels seen in this place.
 G = Mean time per level.
                   A        B        C        D        E       F      G
               +--------+--------+--------+--------+--------+-----+--------+
         Total |  15865 |  15011 |    854 |   1496 |  10699 |  17 |  933.2 |
       Dungeon |  10844 |  10271 |    573 |    855 |   7693 |  11 |  985.8 |
          Lair |   4627 |   4346 |    281 |    608 |   2845 |   5 |  925.4 |
        Bailey |    393 |    393 |      0 |     32 |    160 |   1 |  393.0 |
               +--------+--------+--------+--------+--------+-----+--------+

Top non-repeatable levels by time:
  Lair:2: 1648 daAuts
     D:5: 1479 daAuts
  Lair:4: 1369 daAuts
    D:11: 1334 daAuts
     D:8: 1266 daAuts
     D:3: 1170 daAuts
     D:2: 1125 daAuts
     D:4: 997 daAuts
  Lair:1: 977 daAuts
     D:9: 799 daAuts
    D:10: 775 daAuts
     D:6: 659 daAuts
     D:1: 634 daAuts
  Lair:3: 609 daAuts
     D:7: 600 daAuts
